 Dungeon Crawl Stone Soup version 0.27.0-1-g7a089689b8 (webtiles) character file.

Game seed: 6524236784118963491

999 inmateoo the Chucker (level 8, 0/68 (78) HPs)
             Began as a Troll Hunter on Aug 9, 2021.
             Was an Initiate of Makhleb.
             Slain by a centaur (2 damage)
             ... on level 5 of the Dungeon.
             The game lasted 00:03:22 (3842 turns).

inmateoo the Chucker (Troll Hunter)                 Turns: 3842, Time: 00:03:22

HP:   0/68 (78)     AC:  6    Str: 21    XL:     8   Next: 0%
MP:   7/7           EV: 10    Int:  7    God:    Makhleb [......]
Gold: 199           SH:  0    Dex: 12    Spells: 7/7 levels left

rFire    . . .     SeeInvis .     - Unarmed
rCold    . . .     Faith    .   (no shield)
rNeg     . . .     Spirit   .   b - +1 robe
rPois    .         Reflect  .   (helmet restricted)
rElec    .         Harm     .   f - +0 cloak
rCorr    +         Rampage  .   (gloves unavailable)
Will     .....                  (boots unavailable)
Stlth    ++........             (no amulet)
HPRegen  1.21/turn              n - ring of resist corrosion
MPRegen  0.10/turn              (no ring)

@: heavily drained
A: large, unfitting armour, claws 3, regeneration 1, shaggy fur 1, tough skin 1
a: Renounce Religion


You were on level 5 of the Dungeon.
You worshipped Makhleb.
Makhleb was noncommittal.
You visited 2 branches of the dungeon, and saw 6 of its levels.

You collected 240 gold pieces.
You spent 41 gold pieces at shops.

Inventory:

Missiles
 c - 10 large rocks (quivered)
 d - 2 throwing nets
 l - 8 boomerangs
Armour
 b - a +1 robe (worn)
 f - a +0 cloak (worn)
Jewellery
 n - a ring of resist corrosion (left claw)
Scrolls
 a - a scroll of blinking {unknown}
 m - a scroll of teleportation
Potions
 e - 2 potions of flight
 g - a potion of might
 h - a potion of heal wounds {unknown}
 i - a potion of curing
 j - 2 potions of mutation {unknown}
 p - a potion of magic {unknown}


   Skills:
 + Level 3.8 Fighting
 - Level 5.0 Throwing
 + Level 3.7 Dodging
 + Level 2.4 Stealth
 + Level 3.9 Unarmed Combat


You had 7 spell levels left.
You didn't know any spells.
Your spell library contained the following spells:

 Spells                   Type           Power      Damage    Failure   Level
 Magic Dart               Conj           0%         1d3       43%         1
 Searing Ray              Conj           0%         3d3       56%         2
 Fulminant Prism          Conj/Hex       0%         3d6       99%         4


Dungeon Overview and Level Annotations

Branches:
Dungeon (5/15)             Temple (1/1) D:4

Altars:
Cheibriados
Gozag
Makhleb
Nemelex Xobeh
Qazlal
Trog
Uskayaw
Wu Jian
Xom
Yredelemnul
Zin
The Shining One

Shops:
D:2 *


Innate Abilities, Weirdness & Mutations

You are too large for most types of armour.
You have claws for hands.
Your natural rate of healing is unusually fast.
You are covered in fur. (AC +1)
You have tough skin. (AC +1)


Message History

Found 18 sling bullets.
The centaur shoots an arrow.
The arrow hits you!
The centaur shoots an arrow.
The arrow barely misses you.
The centaur shoots an arrow.
The arrow misses you.
The centaur drinks a potion.
The centaur seems to speed up.
The centaur shoots an arrow.
The arrow hits you.
The centaur unwields a +0 shortbow.
The centaur wields the +7 war axe "Omayl" {drain, +Blink rElec Str-4 Int-3}.
You sense an unholy aura.
The centaur closely misses you. The centaur barely misses you.
The centaur hits you with the +7 war axe "Omayl" {drain, +Blink rElec Str-4 Int-3}!
You feel drained. The centaur kicks you.
You completely miss the centaur.
The centaur hits you with the +7 war axe "Omayl" {drain, +Blink rElec Str-4 Int-3}!
You feel drained. The centaur closely misses you. The centaur misses you.
The centaur kicks you but does no damage.
You barely miss the centaur.
The centaur hits you with the +7 war axe "Omayl" {drain, +Blink rElec Str-4 Int-3}!
You feel drained.
* * * LOW HITPOINT WARNING * * *
The centaur misses you. The centaur barely misses you. x2
You are too injured to fight recklessly!
You are too injured to fight recklessly!
You scratch the centaur but do no damage.
The centaur completely misses you.
The centaur kicks you but does no damage.
The centaur barely misses you.
The centaur kicks you but does no damage.
You claw the centaur!
The centaur is moderately wounded.
The centaur hits you with the +7 war axe "Omayl" {drain, +Blink rElec Str-4 Int-3}.
* * * LOW HITPOINT WARNING * * *
You feel drained.
The centaur kicks you but does no damage.
The centaur hits you with the +7 war axe "Omayl" {drain, +Blink rElec Str-4 Int-3}!
* * * LOW HITPOINT WARNING * * *
You feel drained.
* * * LOW HITPOINT WARNING * * *
The centaur kicks you.
You die...

####...###.
#.......#.
#.8.8.8..#
#........
#.(.......###
#......#....#
#....c_#..#.#
#....@.#.)#.##
#.............
#.............
#.8.8.8.....#
#.......#.###
######..#.#
#.## . #.# #
#.# #


You could see a centaur (fast).

Vanquished Creatures
  2 centaur zombies (D:5)
  A necrophage (D:4)
  A centaur (D:5)
  2 phantoms
  An orc priest (D:5)
  A centaur skeleton (D:5)
  3 iguanas
  2 orc wizards (D:5)
  A howler monkey skeleton (D:5)
  6 adders
  A worm (D:2)
  3 dart slugs
  8 orcs
  5 endoplasms
  7 giant cockroaches
  8 goblins
  11 hobgoblins
  7 quokkas
  9 ball pythons
  3 bats
  3 frilled lizards
  6 kobolds
  4 rats
95 creatures vanquished.

Notes
Turn   | Place    | Note
-------+----------+-------------------------------------------
     0 | D:1      | inmateoo the Troll Hunter began the quest for the Orb.
     0 | D:1      | Reached XP level 1. HP: 19/19 MP: 0/0
   160 | D:1      | Reached XP level 2. HP: 28/28 MP: 1/1
   469 | D:1      | Reached skill level 1 in Unarmed Combat
   591 | D:1      | Reached XP level 3. HP: 32/35 MP: 2/2
   709 | D:2      | Found Biewyck's Assorted Antiques.
   716 | D:2      | Bought a fuming red potion for 13 gold pieces
   716 | D:2      | Bought a sapphire potion for 13 gold pieces
   716 | D:2      | Bought a scroll labelled CUOHONT PATU for 15 gold pieces
   753 | D:2      | Reached skill level 1 in Stealth
   827 | D:2      | Reached XP level 4. HP: 42/42 MP: 3/3
  1344 | D:3      | Found a basalt altar of Yredelemnul.
  1385 | D:3      | Reached skill level 4 in Throwing
  1481 | D:3      | Found a faded altar of an unknown god.
  2361 | D:4      | Reached XP level 5. HP: 50/50 MP: 4/4
  2380 | D:4      | Noticed a phantom
  2394 | D:4      | Killed a phantom
  2462 | D:4      | Noticed a necrophage
  2505 | D:4      | Killed a necrophage
  2506 | D:4      | Reached XP level 6. HP: 52/59 MP: 5/5
  2546 | D:4      | Found a staircase to the Ecumenical Temple.
  2578 | Temple   | Entered the Ecumenical Temple
  2660 | Temple   | Became a worshipper of Makhleb the Destroyer
  3255 | D:4      | Found a glowing silver altar of Zin.
  3255 | D:4      | Noticed an angel
  3424 | D:5      | Entered Level 5 of the Dungeon
  3605 | D:5      | Reached skill level 5 in Throwing
  3605 | D:5      | Reached XP level 7. HP: 67/67 MP: 6/6
  3781 | D:5      | Reached XP level 8. HP: 78/78 MP: 7/7
  3831 | D:5      | Identified the +7 war axe "Omayl" {drain, +Blink rElec
                  | Str-4 Int-3}
  3832 | D:5      | Found a hide-covered altar of Uskayaw.
  3842 | D:5      | HP: 3/71 [centaur (15)]
  3842 | D:5      | Slain by a centaur

Illustrated notes

Levels and vault maps discovered:
D:1:      ncdulo_halloftheorcs, layout_basic, minmay_misc_feat_ornament
D:2:      layout_rooms, serial_shops, shop, hex_medium, minmay_unequal
D:3:      layout_loops_corners, mainiacjoe_overflow_paths,
          shapermc_ecumenical_altar_notcrosses
D:4:      layout_basic, zin_angel, minmay_temple_entry_butterflies,
          kennysheep_dice
D:5:      layout_loops_corners, eat_drink_and_be_merry_uskayaw
Temple:   dpeg_five_rooms_temple

Skill      XL: |  1  2  3  4  5  6 |
---------------+-------------------+-----
Unarmed Combat | 1 2 3 |  3.9
Dodging        | 2 3 |  3.7
Fighting       | 2 3 |  3.8
Stealth        | 1 2 |  2.4
Throwing       | 4 5 |  5.0

Action                   |  1- 3 |  4- 6 |  7- 9 || total
-------------------------+-------+-------+-------++-------
Melee: Unarmed           |    94 |   195 |    53 ||   342
       Punch             |       |     1 |       ||     1
  Use: Scroll            |     3 |     8 |       ||    11
 Stab: Sleeping          |       |     2 |       ||     2
Armor: Robe              |    27 |    95 |    24 ||   146
Dodge: Dodged            |    48 |   110 |    28 ||   186
